 Dungeon Sprint DCSS version 0.19.0-24-gb05acd6 (webtiles) character file.

448 igo the Grappler (level 6, -1/61 HPs)
             Began as a Troll Fighter on Nov 22, 2016.
             Was an Initiate of Cheibriados.
             Slain by Sonja
             ... wielding a +0 short sword of distortion
              (4 damage)
             ... in the Dungeon (Sprint I: "Red Sonja").
             The game lasted 00:02:13 (228 turns).

igo the Grappler (Troll Fighter)                     Turns: 228, Time: 00:02:13

Health: -1/61      AC:  5    Str: 26    XL:     6   Next: 73%
Magic:  5/5        EV: 10    Int:  6    God:    Cheibriados [......]
Gold:   297        SH: 11    Dex: 11    Spells: 0 memorised, 5 levels left

rFire  . . .     SeeInvis .       - Unarmed
rCold  + . .     Gourm    +     a - +0 robe
rNeg   . . .     Faith    .     b - +0 shield
rPois  .         Spirit   .     (helmet restricted)
rElec  .         Reflect  .     (no cloak)
rCorr  .         Harm     .     (gloves unavailable)
MR     .....     NoTele   +     (boots unavailable)
Stlth  +.........               (no amulet)
                                (no ring)
                                i - ring of protection from cold

@: slowed, very slow
A: unfitting armour, claws 3, fast metabolism 3, gourmand, regeneration 1,
shaggy fur 1, tough skin 2
a: Bend Time, Renounce Religion


You were in the Dungeon.
You worshipped Cheibriados.
Cheibriados was noncommittal.
You were not hungry.

You visited 1 branch You collected 297 gold pieces.

Inventory:

Armour
 a - a +0 robe (worn)
 b - a +0 shield (worn)
Jewellery
 i - a ring of protection from cold (left claw)
Scrolls
 j - a scroll of blinking
Potions
 c - a potion of might
 g - a potion of haste
 h - 2 potions of magic
Comestibles
 d - 2 bread rations


   Skills:
 - Level 3.5 Fighting
 - Level 3.5 Dodging
 + Level 7.3 Shields
 * Level 11.1 Unarmed Combat


You had 5 spell levels left.
You didn't know any spells.

Dungeon Overview and Level Annotations

Branches:
Dungeon (1/1)

Altars:
Cheibriados
Dithmenos
Elyvilon
Fedhas
Gozag
Hepliaklqana
Kikubaaqudgha
Makhleb
Nemelex Xobeh
Okawaru
Qazlal
Ru
Sif Muna
Trog
Uskayaw
Vehumet
Xom
Yredelemnul
Zin
The Shining One
Jiyva
Lugonu

Shops:
D }

Annotations:
D Sonja


Innate Abilities, Weirdness & Mutations

You are too large for most types of armour.
You have claws for hands.
Your metabolism is lightning-fast.
You like to eat raw meat.
Your natural rate of healing is unusually fast.
You are covered in fur. (AC +1)
You have very tough skin. (AC +2)


Message History

Sonja says, "I'm academy-trained, you know."
You completely miss Sonja.
Sonja unwields an uncursed blowgun.
Sonja wields an uncursed short sword of distortion.
Its appearance distorts for a moment.
You block Sonja's attack. Sonja hits you but does no damage.
You feel a strange sense of stasis. Sonja barely misses you.
You block Sonja's attack. Sonja misses you.
Sonja hits you with an uncursed short sword of distortion.
Space bends around you.
* * * LOW HITPOINT WARNING * * *
You miss Sonja.
Sonja hits you with an uncursed short sword of distortion.
* * * LOW HITPOINT WARNING * * *
Space bends around you.
* * * LOW HITPOINT WARNING * * *
You block Sonja's attack. x2
Sonja hits you with an uncursed short sword of distortion.
* * * LOW HITPOINT WARNING * * *
You feel a strange sense of stasis.
Sonja hits you with an uncursed short sword of distortion.
You die...

#..').#..').#..+J.+
#..#####'#####'#__#
#..####..#...#.# ##
#..#__####..##[#
#..#_____##'#..+
#⌠⌠#_.∩...'..._#
####_..__##_.#+#
#_____###K#
#########@## +(.$+
#$.$# ##(## #+#


You could see Sonja.

Vanquished Creatures
  Sigmund (D)
  A yak (D)
  An ogre (D)
  A jelly (D)
  Ijyb (D)
5 creatures vanquished.

Notes
Turn   | Place    | Note
-------+----------+-------------------------------------------
     0 | D        | igo the Troll Fighter began the quest for the Orb.
     0 | D        | Reached XP level 1. HP: 22/22 MP: 0/0
     1 | D        | Noticed Ijyb
    23 | D        | Killed Ijyb
    23 | D        | Reached XP level 2. HP: 31/31 MP: 1/1
    26 | D        | Noticed an ogre
    30 | D        | Killed an ogre
    30 | D        | Reached skill level 6 in Unarmed Combat
    30 | D        | Reached XP level 3. HP: 37/37 MP: 2/2
    30 | D        | Reached XP level 4. HP: 45/45 MP: 3/3
    53 | D        | Noticed Sigmund
    67 | D        | Killed Sigmund
    67 | D        | Reached skill level 9 in Unarmed Combat
    67 | D        | Reached XP level 5. HP: 22/53 MP: 4/4
    67 | D        | Reached XP level 6. HP: 26/61 MP: 5/5
   135 | D        | Found a burning altar of Makhleb.
   135 | D        | Found a viscous altar of Jiyva.
   135 | D        | Found a shimmering altar of Xom.
   135 | D        | Found a corrupted altar of Lugonu.
   135 | D        | Noticed a slime creature
   137 | D        | Found a deep blue altar of Sif Muna.
   139 | D        | Found a radiant altar of Vehumet.
   149 | D        | Found Wiasybit's Gadget Emporium.
   149 | D        | Found an ancient bone altar of Kikubaaqudgha.
   149 | D        | Found a hazy altar of Hepliaklqana.
   149 | D        | Found a stormy altar of Qazlal.
   149 | D        | Found a hide-covered altar of Uskayaw.
   149 | D        | Found a blossoming altar of Fedhas.
   149 | D        | Found a bloodstained altar of Trog.
   149 | D        | Found an iron altar of Okawaru.
   149 | D        | Found a basalt altar of Yredelemnul.
   149 | D        | Found a glowing golden altar of the Shining One.
   149 | D        | Found a snail-covered altar of Cheibriados.
   149 | D        | Found a sacrificial altar of Ru.
   149 | D        | Found a glowing silver altar of Zin.
   149 | D        | Found a shadowy altar of Dithmenos.
   149 | D        | Found a white marble altar of Elyvilon.
   149 | D        | Noticed a yak
   155 | D        | Killed a yak
   155 | D        | Reached skill level 11 in Unarmed Combat
   156 | D        | Found an opulent altar of Gozag.
   157 | D        | Found a sparkling altar of Nemelex Xobeh.
   161 | D        | Became a worshipper of Cheibriados the Contemplative
   216 | D        | Noticed Sonja
   228 | D        | HP: 3/61 [Sonja/uncursed short sword of distortion (5)]
   228 | D        | Slain by Sonja

Skill      XL: |  1  2  3  4  5  6 |
---------------+-------------------+-----
Fighting       | 3 |  3.5
Dodging        | 3 |  3.5
Shields        | 3 4 6 7 |  7.3
Unarmed Combat | 6 9 11 | 11.1

Action                   |  1- 3 |  4- 6 || total
-------------------------+-------+-------++-------
Melee: Unarmed           |    24 |    23 ||    47
  Use: Potion            |     1 |     2 ||     3
  Eat: Chunk             |       |     1 ||     1
Armor: Robe              |     6 |     4 ||    10
Dodge: Dodged            |     5 |     9 ||    14
Block: Shield            |     7 |    14 ||    21
